 Dungeon Crawl Stone Soup version 0.29.1-15-g9cfb28693d (webtiles) character file.

Game seed: 4932654209292539829

16 sentinel the Digger (level 2, -1/20 HPs)
             Began as a Meteoran Earth Elementalist on Aug 16, 2023.
             Slain by a water moccasin (7 damage)
             ... on level 6 of the Dungeon.
             The game lasted 00:03:50 (367 turns).

sentinel the Digger (Meteoran Earth Elementalist)    Turns: 367, Time: 00:03:50

Health: -1/20      AC:  1    Str:  9    XL:     2   Next: 94%
Magic:  7/7        EV: 12    Int: 14    God:
Gold:   0          SH:  3    Dex: 14    Spells: 4/7 levels left

rFire   + + .      SeeInvis .   (no weapon)
rCold   + + +      Faith    .   d - +0 buckler
rNeg    . . .      Spirit   .   a - +0 robe
rPois   .          Reflect  .   (no helmet)
rElec   .          Harm     .   (no cloak)
rCorr   .          Rampage  .   i - -2 pair of gloves "Rohoutek" {rF++ rC+++ Will- Int-2}
Will    .....                   (no boots)
Stlth   +.........              (no amulet)
HPRegen 0.06/turn               (no ring)
MPRegen 0.10/turn               (no ring)

@: glowing
A: sense surroundings 1, otherworldly, glowing, explore regen
a: no special abilities


You were on level 6 of the Dungeon.
You visited 1 branch of the dungeon, and saw 7 of its levels.

Inventory:

Armour
 a - a +0 robe (worn)
 d - a +0 buckler (worn)
 e - +0 acid dragon scales
 i - the -2 pair of gloves "Rohoutek" (worn) {rF++ rC+++ Will- Int-2}
   (You found it on level 3 of the Dungeon)

   Int:       It affects your intelligence (-2).
   rF:        It greatly protects you from fire.
   rC:        It renders you almost immune to cold.
   Will:      It decreases your willpower.
Wands
 h - a wand of polymorph (8)
Scrolls
 c - a scroll of brand weapon
Potions
 b - a potion of magic
 g - 2 potions of curing {unknown}
 j - a potion of resistance {unknown}


   Skills:
 - Level 2.4 Dodging
 - Level 1.4 Stealth
 + Level 3.0 Spellcasting
 - Level 1.2 Transmutations
 + Level 4.4 Earth Magic


You had 4 spell levels left.
You knew the following spells:

 Your Spells              Type           Power      Damage    Failure   Level
a - Sandblast             Erth           28%        2d8       4%          1
j - Passwall              Tmut/Erth      8%         N/A       14%         2

Your spell library contained the following spells:

 Spells                   Type           Power      Damage    Failure   Level
 Freeze                   Ice            8%         1d3       28%         1
 Stone Arrow              Conj/Erth      16%        3d8       34%         3
 Blink                    Tloc           4%         N/A       41%         2
 Frozen Ramparts          Ice            4%         1d1       65%         3
 Petrify                  Tmut/Erth      10%        N/A       65%         4
 Hailstorm                Conj/Ice       2%         3d3       96%         4
 Manifold Assault         Tloc           2%         N/A       100%        5
 Storm Form               Tmut/Air       1%         N/A       100%        7


Dungeon Overview and Level Annotations

Branches:
Dungeon (7/15) Zot: 3827   Temple (0/1) D:6

Altars:


Innate Abilities, Weirdness & Mutations

You passively map a small area around you.
You are easily found by Zot.
You glow in the dark.
You regain HP and MP as you explore.


Message History

There is a stone staircase leading down here.
(D) Dungeon
Where to? (Enter - D:3, ? - help)
You climb downwards.
Found a stone staircase leading up.
There is a stone staircase leading up here.
Found a robe.
There is a stone staircase leading up here.
You climb upwards.
Found a pair of distressingly furry gloves and 10 gold pieces.
There is a stone staircase leading down here.
You see here the -2 pair of gloves "Rohoutek" {rF++ rC+++ Will- Int-2}.
You start putting on your armour.
You continue putting on the -2 pair of gloves "Rohoutek" {rF++ rC+++ Will- Int-2}. x4
You finish putting on the -2 pair of gloves "Rohoutek" {rF++ rC+++ Will- Int-2}.
You feel stupid.
Found 14 gold pieces.
There is a stone staircase leading down here.
You climb downwards.
There is a stone staircase leading up here.
Okay, then.
Okay, then.
A goblin comes into view. It is wielding a +0 club.
Found a stone staircase leading down.
The goblin shouts!
You hear a shout!
You can't see any susceptible monsters within range! (Use Z to cast anyway.)
You can't see any susceptible monsters within range! (Use Z to cast anyway.)
The blast of sand hits the goblin!
You kill the goblin!
You can't see any susceptible monsters within range! (Use Z to cast anyway.)
A hobgoblin comes into view.
The hobgoblin shouts!
There is a stone staircase leading down here.
Things that are here:
a +0 club; a goblin corpse The blast of sand hits the hobgoblin.
The hobgoblin is heavily wounded.
The blast of sand hits the hobgoblin!
You kill the hobgoblin!
You see here a hobgoblin corpse.
Found a stone staircase leading down.
Found a scroll labelled DUROKY CANAUHU.
Found 2 stones.
Found a stone staircase leading down.
h - 2 scrolls labelled DUROKY CANAUHU (gained 1)
(D) Dungeon
Where to? (Enter - D:4, ? - help)
There is a stone staircase leading down here.
You climb downwards.
There is a stone staircase leading up here.
You open the door.
Found a scroll labelled FADY ZUEXZU.
There is an open door here.
j - a scroll labelled FADY ZUEXZU As you open the door, it creaks loudly!
There is an open door here.
As you read the scroll labelled DUROKY CANAUHU, it crumbles to dust.
It is a scroll of identify.
c - a scroll of brand weapon;
r - a scroll of identify
As you read the scroll of identify, it crumbles to dust.
d - a scroll of butterflies;
f - a scroll of butterflies
d - a +0 buckler (worn)
As you read the scroll labelled FADY ZUEXZU, it crumbles to dust.
It is a scroll of enchant weapon.
You aren't carrying any weapons that can be enchanted.
Found a bubbling dark potion.
g - 2 bubbling dark potions (gained 1)
Found 7 gold pieces.
Found a stone staircase leading down.
There is a stone staircase leading down here.
You climb downwards.
Found a scroll labelled HITALU JYWIATI.
There is a stone staircase leading up here.
Autopickup is now off.
Found a bubbling clear potion.
You see here a scroll labelled HITALU JYWIATI.
As you read the scroll labelled HITALU JYWIATI, it crumbles to dust.
You feel strangely unstable.
It was a scroll of teleportation.
Found a long wooden wand.
Your surroundings seem slightly different.
Found a stone staircase leading down.
You see here a wand of polymorph (8).
h - a wand of polymorph (8)
There is a stone staircase leading down here.
You climb downwards.
There is a stone staircase leading up here.
You open the door.
There is an open door here.
There is a stone staircase leading up here.
You climb upwards.
There is a stone staircase leading down here.
You see here a bubbling clear potion.
You see here a bubbling clear potion.
j - a bubbling clear potion Autopickup is now on.
Casting: Sandblast (safe; 4% risk of failure)
Confirm with . or Enter, or press ? or * to list all spells.
Aiming: Passwall (safe; 14% risk of failure)
Press: ? - help, Dir - move target A rock wall.
You miscast Passwall.
You are very lightly contaminated with residual magic.
Nothing appears to happen.
Casting: Passwall (safe; 14% risk of failure)
Confirm with . or Enter, or press ? or * to list all spells.
Aiming: Passwall (safe; 14% risk of failure)
Press: ? - help, Dir - move target A rock wall.
You begin to meditate on the wall.
You continue meditating on the rock. x2
You finish merging with the rock.
An iguana comes into view.
Found 7 gold pieces.
The water moccasin hisses angrily.
The orc warrior shouts!
The orc wizard shouts!
Found 4 stones.
Found a staircase to the Ecumenical Temple.
The water moccasin bites you. x2
The water moccasin attacks as you move away!
The water moccasin barely misses you.
Found a leather armour.
The iguana barely misses you.
Okay, then.
The iguana attacks as you move away! The iguana bites you!
The water moccasin closely misses you.
Your magical contamination has completely faded away.
The iguana attacks as you move away! The iguana barely misses you.
A water moccasin comes into view.
The water moccasin hisses angrily.
Okay, then.
Okay, then.
As you read the scroll of butterflies, it crumbles to dust.
You hear the tinkle of a tiny bell.
You block the water moccasin's attack. The iguana bites you.
The water moccasin attacks as you move away!
The water moccasin bites you.
The orc warrior hits your butterfly with a +0 long sword!
Your butterfly dies!
Your butterfly disappears in a burst of colours!
The iguana bites your butterfly!
Your butterfly dies!
Your butterfly disappears in a burst of colours!
The water moccasin misses you.
You swap places.
The water moccasin bites your butterfly!
Your butterfly dies!
Your butterfly disappears in a burst of colours!
The iguana bites your butterfly!
Your butterfly dies!
Your butterfly disappears in a burst of colours!
The water moccasin attacks as you move away!
The water moccasin bites you!
You die...

.......o########## ,
.......o# #
##########o# # * ,
,..(....b...#### #
*, * * ##...b......#
# ####..lob.....# #
, ,
#....b.bb........ .
* #.##..b##b.......
, #.##@Sb##........
, *
#.......S...........
####....>...........
, #......[........ *
#.##...##...... ,
,..##...##.###
............*
#............ , * *


You could see an orc warrior, 2 water moccasins, an iguana (ally target), an orc
wizard and an orc.

Vanquished Creatures
  A dart slug (D:2)
  2 ball pythons
  2 endoplasms (D:3)
  A giant cockroach (D:2)
  A goblin (D:4)
  2 hobgoblins
  A quokka (D:3)
  A rat (D:2)
11 creatures vanquished.

Notes
Turn   | Place    | Note
-------+----------+-------------------------------------------
     0 | D:1      | sentinel the Meteoran Earth Elementalist began the quest
                  | for the Orb.
     0 | D:1      | Reached XP level 1. HP: 14/14 MP: 5/5
    43 | D:2      | Reached skill level 4 in Earth Magic
    59 | D:2      | Reached XP level 2. HP: 20/20 MP: 4/6
    62 | D:2      | Learned a level 2 spell: Passwall
   202 | D:3      | Identified the -2 pair of gloves "Rohoutek" {rF++ rC+++
                  | Will- Int-2}
   248 | D:5      | Entered Level 5 of the Dungeon
   359 | D:6      | Noticed a water moccasin
   359 | D:6      | Noticed an orc warrior
   360 | D:6      | Found a staircase to the Ecumenical Temple.
   363 | D:6      | Noticed a water moccasin
   367 | D:6      | Slain by a water moccasin

Illustrated notes

Levels and vault maps discovered:
D:1:      nicolae_arrival_washed_ashore, layout_loops_corners,
          minmay_worlds_worst_comb
D:2:      layout_basic, nicolae_concentric_dashed_squares_mild
D:3:      layout_basic, grunt_temple_overflow_open, ebering_ghost_rock_garden
D:4:      layout_rooms
D:5:      layout_gridville, uniq_prince_ribbit1
D:6:      layout_basic, minmay_temple_entry_stoned_glass, uniq_grinder
D:7:      layout_gridville, uniq_duvessa, uniq_crazy_yiuf_cottage, uniq_menkaure

Skill      XL: |  1  2 |
---------------+-------+-----
Earth Magic    | 4 |  4.4
Spellcasting   | 3 |  3.0
Dodging        | |  2.4
Stealth        | |  1.4
Transmutations | |  1.2

Action                   || total
-------------------------++-------
 Cast: Sandblast         ||    13
       Passwall          ||     2
  Use: Scroll            ||     5
Dodge: Dodged            ||     5
Block: Buckler           ||     1
